 Dungeon Crawl Stone Soup version 0.31-a0-986-g5e6e4ef867 (webtiles) character file.

Game seed: 3538644663723959893

2 Firecrotchwizard the Shield-Bearer (level 1, 0/17 HPs)
             Began as a Gnoll Wanderer on Nov 18, 2023.
             Slain by a jackal (3 damage)
             ... on level 1 of the Dungeon.
             The game lasted 00:01:12 (35 turns).

Firecrotchwizard the Shield-Bearer (Gnoll Wanderer)   Turns: 35, Time: 00:01:12

Health: 0/17       AC:  3    Str: 12    XL:     1   Next: 40%
Magic:  4/4        EV: 10    Int: 10    God:
Gold:   0          SH:  7    Dex: 11    Spells: 5/5 levels left

rFire   . . .        s - +0 dagger
rCold   . . .        c - +2 buckler
rNeg    . . .        e - +0 leather armour
rPois   .            (no helmet)
rElec   .            (no cloak)
rCorr   .            (no gloves)
SInv    .            (no boots)
Will    .....        (no amulet)
Stlth   ++           (no ring)
HPRegen 0.22/turn    (no ring)
MPRegen 0.09/turn

%: no passive effects
@: no status effects
A: fangs 1, strong nose, distributed training
a: no special abilities


You were on level 1 of the Dungeon.
You visited 1 branch of the dungeon, and saw 1 of its levels.

Inventory:

Hand Weapons
 s - a +0 dagger (weapon)
Missiles
 b - 10 poisoned darts (quivered)
Armour
 c - a +2 buckler (worn)
 e - a +0 leather armour (worn)
Potions
 d - a potion of haste


   Skills:
 + Level 2.3 Fighting
 + Level 0.0 Short Blades
 + Level 0.0 Long Blades
 + Level 0.0 Axes
 + Level 0.0 Maces & Flails
 + Level 0.0 Polearms
 + Level 0.0 Staves
 + Level 0.0 Ranged Weapons
 + Level 2.3 Throwing
 + Level 0.0 Armour
 + Level 0.0 Dodging
 + Level 2.1 Stealth
 + Level 6.4 Shields
 + Level 0.0 Unarmed Combat
 + Level 2.6 Spellcasting
 + Level 0.0 Conjurations
 + Level 0.0 Hexes
 + Level 0.0 Summonings
 + Level 0.0 Necromancy
 + Level 0.0 Translocations
 + Level 3.6 Transmutations
 + Level 0.0 Fire Magic
 + Level 0.0 Ice Magic
 + Level 0.0 Air Magic
 + Level 0.0 Earth Magic
 + Level 0.0 Poison Magic
 + Level 0.1 Invocations
 + Level 2.3 Evocations
 + Level 0.0 Shapeshifting


You had 5 spell levels left.
You didn't know any spells.
Your spell library contained the following spells:

 Spells                   Type           Power      Damage    Failure   Level
 Wereblood                Tmut           8%         N/A       17%         2
 Passwall                 Tmut/Erth      4%         N/A       34%         2


Dungeon Overview and Level Annotations

Branches:
Dungeon (1/15)

Altars:


Innate Abilities, Weirdness & Mutations

You have very sharp teeth.
Your uncanny sense of smell can sniff out nearby items.
Your experience applies equally to all skills.


Message History

Lua error: /dgldir/rcfiles/crawl-git/Firecrotchwizard.rc:334: '' expected near 'end' Welcome, Firecrotchwizard the Gnoll Wanderer.
It's a long way down to the Orb of Zot, but that shouldn't be any trouble.
Press ? for a list of commands and other information.
Found a staircase leading out of the dungeon.
You begin with the following items: 10 poisoned darts, a +2 buckler, a potion of haste, a +0 leather armour, a +0 dagger; and the following spells available to memorise: Wereblood, Passwall.
Okay, then.
You open the door.
There is an open door here.
A jackal comes into view.
The jackal barks!
You hear a bark!
A jackal comes into view.
You hear an angry hiss.
The jackal barks!
A jackal comes into view.
A dart slug and a ball python come into view.
The jackal misses you.
The ball python moves out of view.
You hit the jackal.
The jackal is heavily wounded.
The jackal barely misses you. You block the jackal's attack.
The jackal bites you but does no damage.
You hit the jackal but do no damage.
The jackal is heavily wounded.
You block the jackal's attack. The jackal closely misses you.
The jackal bites you but does no damage. x2
The jackal bites you. You block the jackal's attack.
You barely miss the jackal.
The jackal is heavily wounded.
The jackal barely misses you. x2; You block the jackal's attack.
You hit the jackal.
You kill the jackal!
The jackal bites you but does no damage.
The jackal barely misses you. The jackal bites you.
The jackal closely misses you.
You closely miss the jackal. Your bite misses the jackal.
The jackal barely misses you. The jackal bites you.
You don't know any spells.
Unknown command.
The jackal bites you but does no damage.
The jackal bites you. You block the jackal's attack. The jackal bites you.
The jackal barely misses you.
The dart slug briefly extends its eye-stalks.
The jackal attacks as it pursues you!
The jackal bites you but does no damage. x2
You barely miss the jackal. Your bite misses the jackal. The jackal bites you.
* * * LOW HITPOINT WARNING * * *
You barely miss the jackal. The jackal bites you.
* * * LOW HITPOINT WARNING * * *
The jackal bites you but does no damage.
You hit the jackal but do no damage. The jackal barely misses you.
You hit the jackal but do no damage. You block the jackal's attack.
You barely miss the jackal. The jackal closely misses you.
The jackal bites you but does no damage.
You closely miss the jackal. The jackal bites you.
* * * LOW HITPOINT WARNING * * *
You closely miss the jackal. You bite the jackal, but do no damage.
The jackal misses you.
The jackal bites you but does no damage.
You hit the jackal. Your bite misses the jackal.
The jackal is severely wounded.
The jackal misses you.
You closely miss the jackal.
The jackal is severely wounded.
You block the jackal's attack. x2
Unknown command.
You hit the jackal.
The jackal is almost dead.
The jackal bites you but does no damage.
You hit the jackal.
You kill the jackal!
The jackal bites you.
* * * LOW HITPOINT WARNING * * *
You hit the jackal but do no damage. Your bite misses the jackal.
You block the jackal's attack.
You hit the jackal but do no damage. You block the jackal's attack.
The jackal closely misses you.
You closely miss the jackal. The jackal bites you.
* * * LOW HITPOINT WARNING * * *
You hit the jackal but do no damage. The jackal barely misses you.
You block the jackal's attack.
You hit the jackal but do no damage. The jackal bites you.
You die...

### ..#.. #.#.#
##############.#.#
#...........##.#@#
#...........##.#h#
#...........##.#S#######
#...........##..w......#
#...........##.........#
+.....<.....'..#.#.....#
#...........##.#.#.....+
#...........##.#.......#
#...........##..........


You could see a dart slug, a jackal and a ball python.

Vanquished Creatures
  2 jackals (D:1)
2 creatures vanquished.

Notes
Turn   | Place    | Note
-------+----------+-------------------------------------------
     0 | D:1      | Firecrotchwizard the Gnoll Wanderer began the quest for the
                  | Orb.
     0 | D:1      | Firecrotchwizard set off with the following items: 10
                  | poisoned darts, a +2 buckler, a potion of haste, a +0
                  | leather armour, a +0 dagger; and the following spells
                  | available to memorise: Wereblood, Passwall.
     0 | D:1      | Reached XP level 1. HP: 17/17 MP: 4/4
    35 | D:1      | Slain by a jackal

Illustrated notes

Levels and vault maps discovered:
D:1:      psy_arrival_statuary, layout_basic, chequers_ecumenical_altar_simple

Action                     || total
---------------------------++-------
  Melee: Dagger            ||    21
         Bite              ||     1
 Armour: Leather armour    ||    22
  Dodge: Dodged            ||    15
  Block: Buckler           ||    11

Table legend: (Time is in decaauts)
 A = Elapsed time spent in this place.
 B = Non-inter-level travel time spent in this place.
 C = Inter-level travel time spent in this place.
 D = Time resting spent in this place.
 E = Time spent auto-exploring this place.
 F = Levels seen in this place.
 G = Mean time per level.
                   A        B        C        D        E       F      G
               +--------+--------+--------+--------+--------+-----+--------+
         Total |     36 |     36 |      0 |      0 |      7 |   1 |   36.0 |
       Dungeon |     36 |     36 |      0 |      0 |      7 |   1 |   36.0 |
               +--------+--------+--------+--------+--------+-----+--------+

Top non-repeatable levels by time:
     D:1: 36 daAuts
